 Dungeon Crawl Stone Soup version 0.22.0-21-g8bd1b0a76a (webtiles) character file.

28 Kirk the Chopper (level 3, 14/27 HPs)
             Began as a Demonspawn Gladiator on Aug 19, 2018.
             Quit the game on level 2 of the Dungeon.
             The game lasted 00:01:57 (966 turns).

Kirk the Chopper (Demonspawn Gladiator)              Turns: 966, Time: 00:01:57

Health: 14/27      AC:  3    Str: 15    XL:     3   Next: 0%
Magic:  1/3        EV: 12    Int:  9    God:
Gold:   71         SH:  0    Dex: 14    Spells: 2/2 levels left

rFire    . . .     SeeInvis .   a - +0 war axe
rCold    . . .     Gourm    .   (no shield)
rNeg     . . .     Faith    .   b - +0 leather armour
rPois    .         Spirit   +   (helmet restricted)
rElec    .         Reflect  .   (no cloak)
rCorr    .         Harm     .   (no gloves)
MR       .....                  (no boots)
Stlth    +.........             (no amulet)
HPRegen  0.09/turn              (no ring)
MPRegen  0.08/turn              (no ring)

@: mildly poisoned (14 -> 12)
A: antennae 1, magic shield
a: no special abilities


You were on level 2 of the Dungeon.
You were not hungry.

You visited 1 branch of the dungeon, and saw 2 of its levels.

You collected 71 gold pieces.

Inventory:

Hand Weapons
 a - a +0 war axe (weapon)
Missiles
 d - 3 throwing nets (quivered)
 g - 3 javelins
Armour
 b - a +0 leather armour (worn)
 c - a +0 helmet
Scrolls
 e - a scroll of blinking {unknown}
 i - 3 scrolls of identify {unknown}
 j - a scroll of magic mapping {unknown}
 k - a scroll of immolation {unknown}
 m - a scroll of enchant armour {unknown}
 o - a scroll of teleportation {unknown}
Potions
 h - a potion of brilliance {unknown}
 l - a potion of flight {unknown}
Comestibles
 f - a ration
 n - a chunk of flesh


   Skills:
 + Level 2.1 Fighting
 * Level 3.6 Axes
 - Level 1.7 Throwing
 + Level 0.2 Armour
 - Level 2.6 Dodging


You had 2 spell levels left.
You didn't know any spells.
Your spell library was empty.

Dungeon Overview and Level Annotations

Branches:
Dungeon (2/15)

Altars:


Innate Abilities, Weirdness & Mutations

You have a pair of small antennae on your head.
When hurt, damage is shared between your health and your magic reserves.


Message History

You miss the adder.
The adder bites you but does no damage. x2
You closely miss the adder. The adder bites you.
You are poisoned.
The adder poisons you!
You slash the adder!
The adder is almost dead.
You feel sick. The adder bites you. The adder completely misses you.
You hit the adder.
You kill the adder!
You have reached level 3!
Your experience leads to an increase in your attributes!
Increase (S)trength, (I)ntelligence, or (D)exterity?
You feel stronger.
You feel monstrous as your demonic heritage exerts itself.
Your demonic ancestry asserts itself...
A pair of antennae grows on your head!
Your +0 helmet falls away!
You feel sick.
d - 3 throwing nets (gained 1) Are you sure you want to abandon this character and quit the game? (Confirm with "yes".)

#. ###. ... #...#.
###.##### # ## #...#.
.#.......##.##..# #...#.
..........@......#
#...#.
....##....##.###.##
#...#. .............#
#..####...#.
######.......#
#..##.....#.
##.###.#####.......).#.
......................(.
###.#########.#.##......
#. #....#.##### #.
####.#.#


There were no monsters in sight!

Vanquished Creatures
  An adder (D:2)
  A worm (D:2)
  A giant cockroach (D:1)
  A goblin (D:1)
  5 hobgoblins (D:1)
  2 bats (D:1)
  5 kobolds
  A rat (D:1)
17 creatures vanquished.

Notes
Turn   | Place    | Note
-------+----------+-------------------------------------------
     0 | D:1      | Kirk the Demonspawn Gladiator began the quest for the Orb.
     0 | D:1      | Reached XP level 1. HP: 16/16 MP: 1/1
    60 | D:1      | Reached skill level 3 in Axes
   275 | D:1      | Gained mutation: When hurt, damage is shared between your health and your magic reserves. [demonic ancestry]
   275 | D:1      | Reached XP level 2. HP: 16/22 MP: 2/2
   962 | D:2      | Gained mutation: You have a pair of small antennae on your head. [demonic ancestry]
   962 | D:2      | Reached XP level 3. HP: 15/27 MP: 1/3
   966 | D:2      | Quit the game

Skill      XL: |  1 |
---------------+----+-----
Axes           | 3 |  3.6
Fighting       | |  2.1
Throwing       | |  1.7
Armour         | |  0.2
Dodging        | |  2.6

Action                   || total
-------------------------++-------
Melee: War axe           ||    49
Throw: Throwing net      ||     1
Armor: Leather armour    ||    13
Dodge: Dodged            ||    34
